 Dungeon Crawl Stone Soup version 0.30.1-3-gfc49f6343a (webtiles) character file.

Game seed: 9681785656799978454

0 Inchmeat the Chiller (level 1, 0/13 HPs)
             Began as a Gnoll Wanderer on July 30, 2023.
             Slain by a kobold
             ... wielding a +1 whip of electrocution
              (10 damage)
             ... on level 1 of the Dungeon.
             The game lasted 00:00:25 (22 turns).

Inchmeat the Chiller (Gnoll Wanderer)                 Turns: 22, Time: 00:00:26

Health: 0/13       AC:  2    Str:  9    XL:     1   Next: 10%
Magic:  4/4        EV: 12    Int: 13    God:
Gold:   0          SH:  5    Dex: 11    Spells: 5/5 levels left

rFire   . . .        a - +0 dagger
rCold   . . .        d - +0 buckler
rNeg    . . .        c - +0 robe
rPois   .            (no helmet)
rElec   .            (no cloak)
rCorr   .            (no gloves)
SInv    .            (no boots)
Will    .....        (no amulet)
Stlth   +            (no ring)
HPRegen 0.22/turn    (no ring)
MPRegen 0.09/turn

%: no passive effects
@: no status effects
A: fangs 1, strong nose, distributed training
a: no special abilities


You were on level 1 of the Dungeon.
You visited 1 branch of the dungeon, and saw 1 of its levels.

Inventory:

Hand Weapons
 a - a +0 dagger (weapon)
Armour
 c - a +0 robe (worn)
 d - a +0 buckler (worn)
Scrolls
 b - a scroll of teleportation


   Skills:
 + Level 0.0 Fighting
 + Level 0.0 Short Blades
 + Level 0.0 Long Blades
 + Level 0.0 Axes
 + Level 0.0 Maces & Flails
 + Level 0.0 Polearms
 + Level 0.0 Staves
 + Level 0.0 Ranged Weapons
 + Level 0.0 Throwing
 + Level 0.0 Armour
 + Level 4.4 Dodging
 + Level 0.0 Stealth
 + Level 4.4 Shields
 + Level 0.0 Unarmed Combat
 + Level 2.6 Spellcasting
 + Level 0.0 Conjurations
 + Level 0.0 Hexes
 + Level 1.9 Summonings
 + Level 0.0 Necromancy
 + Level 0.0 Translocations
 + Level 0.0 Transmutations
 + Level 0.0 Fire Magic
 + Level 7.0 Ice Magic
 + Level 0.0 Air Magic
 + Level 0.0 Earth Magic
 + Level 0.0 Poison Magic
 + Level 0.0 Invocations
 + Level 0.0 Evocations


You had 5 spell levels left.
You didn't know any spells.
Your spell library contained the following spells:

 Spells                   Type           Power      Damage    Failure   Level
 Freeze                   Ice            80%        1d9       1%          1
 Frozen Ramparts          Ice            40%        1d7       6%          3
 Ozocubu's Armour         Ice            20%        N/A       6%          3
 Summon Small Mammal      Summ           24%        N/A       16%         1
 Summon Guardian Golem    Hex/Summ       4%         N/A       56%         3


Dungeon Overview and Level Annotations

Branches:
Dungeon (1/15)

Altars:


Innate Abilities, Weirdness & Mutations

You have very sharp teeth.
Your uncanny sense of smell can sniff out nearby items.
Your experience applies equally to all skills.


Message History

Welcome, Inchmeat the Gnoll Wanderer.
If you return without finding the Orb of Zot, so far below, it's all over!
Press ? for a list of commands and other information.
Found a staircase leading out of the dungeon.
You begin with the following items: a +0 dagger, a scroll of teleportation, a +0 robe, a +0 buckler; and the following spells available to memorise: Freeze, Frozen Ramparts, Ozocubu's Armour, Summon Small Mammal, Summon Guardian Golem.
Okay, then.
A rat comes into view.
A rat is nearby!
A rat is nearby!
A kobold comes into view.
It is wielding a +1 whip of electrocution.
Found a scale mail.
The kobold shouts!
You don't know any spells.
Sorry, you're not good enough to have a special ability.
You don't know any spells.
Sorry, you're not good enough to have a special ability.
Unknown command.
You hit the rat.
You kill the rat!
Found a faded altar of an unknown god.
You hit the kobold.
The kobold is heavily wounded.
You block the kobold's attack.
A frilled lizard comes into view.
The frilled lizard hisses angrily.
You hit the kobold but do no damage.
The kobold is heavily wounded.
The kobold hits you with a +1 whip of electrocution.
You are electrocuted!
Ouch! That really hurt!
You die...

#.##
#..######..♣l
##..........♣..#
###.####.... .#
#.# #...#..
##.## #... .
#...###..#.#
#.###.##.K#.##
#.#
##.#.@...##.# #.
#.........# #
#....#...##
#.#...#.#..#
.......... ..#
###......... ..
#.......... .
##..........
#[...##...


You could see a kobold and a frilled lizard.

Vanquished Creatures
  A rat (D:1)
1 creature vanquished.

Notes
Turn   | Place    | Note
-------+----------+-------------------------------------------
     0 | D:1      | Inchmeat the Gnoll Wanderer began the quest for the Orb.
     0 | D:1      | Inchmeat set off with the following items: a +0 dagger, a
                  | scroll of teleportation, a +0 robe, a +0 buckler; and the
                  | following spells available to memorise: Freeze, Frozen
                  | Ramparts, Ozocubu's Armour, Summon Small Mammal, Summon
                  | Guardian Golem.
     0 | D:1      | Reached XP level 1. HP: 13/13 MP: 4/4
    20 | D:1      | Found a faded altar of an unknown god.
    22 | D:1      | Slain by a kobold

Illustrated notes

Levels and vault maps discovered:
D:1:      minmay_arrival_stone_box, layout_loops_ring,
          chequers_ecumenical_altar_simple

Action                     || total
---------------------------++-------
  Melee: Dagger            ||     3
  Block: Buckler           ||     1
